 Dungeon Crawl Stone Soup version 0.30-b1-2-g02819fbbbe (webtiles) character file.

Game seed: 17976134237715256028

30 Alarkh the Ruffian (level 3, 29/29 HPs)
             Began as a Demonspawn Cinder Acolyte on May 20, 2023.
             Was a High Priest of Ignis.
             Got out of the dungeon alive.
             The game lasted 00:01:27 (1155 turns).

Alarkh the Ruffian (Demonspawn Cinder Acolyte)      Turns: 1155, Time: 00:01:27

Health: 29/29      AC:  2    Str: 14    XL:     3   Next: 3%
Magic:  4/4        EV: 11    Int: 17    God:    Ignis [*****.]
Gold:   36         SH:  0    Dex:  8    Spells: 4/4 levels left

rFire   + .          .
                       - Unarmed
rCold   . . .        (no shield)
rNeg    . . .        a - +0 robe
rPois   .            (no helmet)
rElec   .            (no cloak)
rCorr   .            (no gloves)
SInv    .            (no boots)
Will    .....        (no amulet)
Stlth   +            (no ring)
HPRegen 0.24/turn    (no ring)
MPRegen 0.09/turn

%: no passive effects
@: no status effects
A: claws 1, demonic guardian 1
a: Renounce Religion, Fiery Armour, Foxfire Swarm, Rising Flame


You escaped.
You worshipped Ignis.
Ignis was extremely pleased with you.
You visited 1 branch of the dungeon, and saw 2 of its levels.

You collected 36 gold pieces.

Inventory:

Missiles
 g - 2 throwing nets (quivered)
Armour
 a - a +0 robe (worn)
Scrolls
 c - a scroll of fear {unknown}
 e - a scroll of amnesia {unknown}
 f - a scroll of enchant armour {unknown}
Potions
 b - a potion of resistance {unknown}
 d - a potion of curing {unknown}


   Skills:
 + Level 3.3 Fighting
 * Level 3.5 Unarmed Combat
 - Level 1.0 Spellcasting
 - Level 2.6 Fire Magic


You had 4 spell levels left.
You didn't know any spells.
Your spell library contained the following spells:

 Spells                   Type           Power      Damage    Failure   Level
 Scorch                   Fire           18%        2d6       11%         2
 Slow                     Hex            0%         N/A       22%         1
 Confusing Touch          Hex            0%         N/A       54%         3
 Vampiric Draining        Necr           0%         2d6       54%         3


Dungeon Overview and Level Annotations

Branches:
Dungeon (2/15)

Altars:


Innate Abilities, Weirdness & Mutations

You have sharp fingernails.
A weak demonic guardian rushes to your aid.


Message History

There is a stone staircase leading up here.
A ball python and an endoplasm come into view.
The ball python hisses angrily.
The endoplasm quivers.
A frilled lizard comes into view.
The frilled lizard hisses angrily.
The frilled lizard barely misses you.
You scratch the frilled lizard.
You kill the frilled lizard!
The ball python closely misses you. The ball python grabs you.
The ball python constricts you. The endoplasm barely misses you.
You scratch the ball python but do no damage.
The ball python barely misses you. The ball python constricts you.
The endoplasm hits you.
You scratch the ball python.
You kill the ball python!
The endoplasm freezes you.
You are frozen.
You have reached level 3!
Your experience leads to an increase in your attributes!
Increase (S)trength, (I)ntelligence, or (D)exterity?
You feel clever. x2; Your demonic ancestry asserts itself...
You feel the presence of a demonic guardian.
You scratch the endoplasm.
The endoplasm is moderately wounded.
The endoplasm hits you but does no damage.
You claw the endoplasm!
You kill the endoplasm!
No target in view!
There is a stone staircase leading up here.
You climb upwards.
There is a stone staircase leading down here.
There is an open door here.
HP restored.
There is a stone staircase leading down here.
You open the door.
There is an open door here.
There is a staircase leading out of the dungeon here.
Are you sure you want to leave the Dungeon?
This will make you lose the game!
You have escaped!

#........# #.#
#.##...#.##############
#.#......##.#'.....##.#####
#..........##.......##....#
#.........##.........##.#.######
#.....(..##...........##.......#
#.#......#.............#'.####.#
#.......##..............#### #.#
#####.#.........@..........###.##
##.####..............##.......
##.....'.............####.##.##
#.....###...........'# #.##.##
#.....# ##.........### #.##...
#.....# ##.......## ##.#....
##...### ##.....#### #.......
##.##.## #######..## #.......
####......####.........###^......


There were no monsters in sight!

Vanquished Creatures
  3 endoplasms
  A giant cockroach (D:1)
  5 goblins (D:1)
  4 hobgoblins (D:1)
  A quokka (D:1)
  5 ball pythons
  A bat (D:1)
  A frilled lizard (D:2)
  2 kobolds (D:1)
  4 rats (D:1)
27 creatures vanquished.

Notes
Turn   | Place    | Note
-------+----------+-------------------------------------------
     0 | D:1      | Alarkh the Demonspawn Cinder Acolyte began the quest for
                  | the Orb.
     0 | D:1      | Reached XP level 1. HP: 18/18 MP: 2/2
   306 | D:1      | Gained mutation: You have sharp fingernails. [demonic
                  | ancestry]
   306 | D:1      | Reached XP level 2. HP: 24/24 MP: 3/3
  1051 | D:2      | Gained mutation: A weak demonic guardian rushes to your
                  | aid. [demonic ancestry]
  1051 | D:2      | Reached XP level 3. HP: 24/29 MP: 4/4
  1155 | D:$      | Got out of the dungeon alive.

Illustrated notes

Levels and vault maps discovered:
D:1:      lemuel_arrival_rhombus, layout_loops_corners
D:2:      layout_rooms, serial_rivers, chequers_serial_rivers_room_b,
          chequers_serial_rivers_micro_e, chequers_serial_rivers_micro_d,
          chequers_serial_rivers_room_b, chequers_serial_rivers_marsh,
          chequers_serial_rivers_micro_a, chequers_serial_rivers_micro_e

Skill      XL: |  1 |
---------------+----+-----
Unarmed Combat | 3 |  3.5
Fighting       | |  3.3
Spellcasting   | |  1.0
Fire Magic     | |  2.6

Action                     || total
---------------------------++-------
  Melee: Unarmed           ||    81
         Punch             ||     1
 Invoke: Fiery Armour      ||     1
   Stab: Sleeping          ||     1
 Armour: Robe              ||    15
  Dodge: Dodged            ||    47
